 Dungeon Crawl Stone Soup version 0.30-a0-719-gcc4359ea44 (webtiles) character file.

Game seed: 82680683821061217

15295 Newt the Demolition Demonspawn (level 12, -2/77 (83) HPs)
             Began as a Demonspawn Gladiator on Jan 26, 2023.
             Was an Elder of Makhleb.
             Slain by Urug
             ... wielding a +4 eveningstar
              (14 damage)
             ... on level 10 of the Dungeon.
             The game lasted 00:13:48 (11117 turns).

Newt the Demolition Demonspawn (DsGl)              Turns: 11117, Time: 00:13:48

HP:   -2/77 (83)    AC: 20    Str: 21 (22) XL:     12   Next: 0%
MP:   24/24         EV: 14    Int:  9 (12) God:    Makhleb [****..]
Gold: 672           SH:  0    Dex: 19      Spells: 11/11 levels left

rFire   + + +      SeeInvis .    E - +6 mace of Zin's Condemnation {freeze, Str+4 Dex+2}
rCold   . . .      Faith    .    (no shield)
rNeg    . . .      Spirit   .    P - +2 troll leather armour
rPois   +          Reflect  .    c - +0 helmet
rElec   .          Harm     .    (no cloak)
rCorr   .          Rampage  ∞    t - +0 pair of gloves
Will    .....                    m - +3 pair of seven-league boots {Rampage+∞}
Stlth   ++                       v - amulet of Mimuovea {RegenMP Rampage Fragile rPois rF+++ Dex+3}
HPRegen 1.12/turn                q - +4 ring of protection
MPRegen 0.78/turn                j - ring of protection from fire

@: drained
A: claws 2, slimy green scales 2, demonic guardian 1, magic regeneration
a: Renounce Religion, Minor Destruction, Lesser Servant of Makhleb, Major
Destruction


You were on level 10 of the Dungeon.
You worshipped Makhleb.
Makhleb was greatly pleased with you.
You visited 1 branch of the dungeon, and saw 10 of its levels.
You also visited: Ossuary.

You collected 732 gold pieces.
You spent 60 gold pieces at shops.

Inventory:

Hand Weapons
 a - a +0 rapier of protection
 b - a +0 dagger of venom
 E - the +6 mace of Zin's Condemnation (weapon) {freeze, Str+4 Dex+2}
   (You took it off a gnoll bouda on level 5 of the Dungeon)

   Str:       It affects your strength (+4).
   Dex:       It affects your dexterity (+2).
Missiles
 d - 3 throwing nets (quivered)
 A - 5 javelins
 G - 6 datura-tipped darts
 H - 5 boomerangs
Armour
 c - a +0 helmet (worn)
 e - a +0 leather armour
 l - a +0 pair of boots
 m - the +3 pair of seven-league boots (worn) {Rampage+∞}
   (You acquired it on level 2 of the Dungeon)

   Rampage+∞: When moving toward enemies, its wearer moves as far as possible.
 t - a +0 pair of gloves (worn)
 P - a +2 troll leather armour (worn)
Jewellery
 h - a ring of flight
 j - a ring of protection from fire (right hand)
 q - a +4 ring of protection (left hand)
 s - a ring of protection from fire
 v - the amulet of Mimuovea (around neck) {RegenMP Rampage Fragile rPois rF+++ Dex+3}
   (You found it on level 3 of the Dungeon)

   [amulet of magic regeneration]

   It increases your rate of magic regeneration.
   Dex:       It affects your dexterity (+3).
   rF:        It renders you almost immune to fire.
   rPois:     It protects you from poison.
   Fragile:   It will be destroyed if unequipped.
   Rampage:   It bestows one free step when moving towards enemies.
 x - an amulet of faith
 F - a ring of fire
 I - a ring of see invisible
 O - a ring of willpower
Wands
 C - a wand of mindburst (13)
 D - a wand of roots (9)
 M - a wand of charming (6)
Scrolls
 g - a scroll of blinking
 k - a scroll of amnesia
 w - 5 scrolls of teleportation
 y - 3 scrolls of vulnerability
 B - a scroll of magic mapping
 L - a scroll of poison
Potions
 f - 5 potions of mutation
 i - 3 potions of lignification
 n - 2 potions of might
 o - 6 potions of flight
 p - 2 potions of ambrosia
 r - 6 potions of heal wounds
 u - 4 potions of attraction
 z - 2 potions of brilliance
 J - a potion of curing
 K - 2 potions of degeneration
 N - 2 potions of haste


   Skills:
 - Level 4.0 Fighting
 - Level 5.0 Short Blades
 - Level 10.3 Maces & Flails
 - Level 1.7 Throwing
 - Level 6.0 Armour
 - Level 4.0 Dodging
 - Level 2.0 Stealth
 + Level 16.2 Invocations
 - Level 6.0 Evocations


You had 11 spell levels left.
You didn't know any spells.
Your spell library contained the following spells:

 Spells                   Type           Power      Damage    Failure   Level
 Kiss of Death            Conj/Necr      0%         2d5       43%         1
 Confusing Touch          Hex            0%         N/A       80%         3
 Gell's Gravitas          Tloc           0%         N/A       80%         3
 Teleport Other           Tloc           0%         N/A       80%         3
 Animate Dead             Necr           0%         N/A       99%         4
 Dispel Undead            Necr           0%         3d6       99%         4
 Leda's Liquefaction      Hex/Erth       0%         N/A       99%         4
 Borgnjor's Vile Clutch   Necr/Erth      0%         N/A       100%        5
 Lee's Rapid Deconstruct  Erth           0%         3d4*      100%        5
 Death Channel            Necr           0%         N/A       100%        6
 Dispersal                Tloc           0%         N/A       100%        6
 Statue Form              Tmut/Erth      0%         N/A       100%        6


Dungeon Overview and Level Annotations

Branches:
Dungeon (10/15)            Temple (0/1) D:5            Lair (0/5) D:9
    Orc (0/2) D:10        Ossuary (visited)

Altars:
Makhleb
Xom
Yredelemnul

Shops:
D:1 =   D:4 (   D:5 *!

Annotations:
D:8 1 runed translucent door, mdonais's ghost, novice OpDe
D:10 Urug; bmack86's ghost, journeyman MiFi


Innate Abilities, Weirdness & Mutations

You have very sharp fingernails.
You are mostly covered in slimy green scales. (AC +3)
A weak demonic guardian rushes to your aid.
You regenerate magic rapidly.


Message History

Urug hits you with a +4 eveningstar!!
A demonic guardian appears!
You sock Urug! You freeze Urug.
Urug is lightly wounded.
Urug hits you with a +4 eveningstar.
The orc priest calls upon Beogh to heal Urug.
Urug is healed somewhat.
You hit Urug. You freeze Urug.
Urug is moderately wounded.
The orc priest calls down the wrath of Beogh upon you.
Beogh smites you!
Urug zaps a wand.
You easily resist.
The now-empty wand crumbles to dust.
The orc priest closely misses you.
You hit Urug. You freeze Urug.
Urug is moderately wounded.
Your quasit bites the orc priest.
Your quasit barely misses the orc priest. x2
You barely miss Urug.
Urug is moderately wounded.
The orc priest hits you but does no damage.
Urug hits you with a +4 eveningstar!!
* * * LOW HITPOINT WARNING * * *
The orc priest casts a cantrip, but nothing happens.
Your quasit completely misses the orc priest.
Your quasit barely misses the orc priest. x2
You hit the orc priest. You freeze the orc priest.
The orc priest is severely wounded.
Your quasit barely misses the orc priest.
Your quasit claws the orc priest. x2; The orc priest closely misses you.
Urug hits you with a +4 eveningstar!
* * * LOW HITPOINT WARNING * * *
The orc priest barely misses you.
You closely miss the orc priest.
The orc priest is almost dead.
Your quasit barely misses the orc priest.
Your quasit completely misses the orc priest.
Your quasit claws the orc priest.
The orc priest dies!
Makhleb accepts your kill.
The orc priest invokes the aid of Beogh against you.
You resist with significant effort. Urug hits you with a +4 eveningstar!
You die...

.....##.#...........##.......^.#.
......#.##....................###
...........................####
.....###...................###
.....# #...........#.........#
.....# #..........##........##
..#..# .......<...........###
#.......o.###......#
......##)@..#.....##
##....#.o5..#......#
W##.#.......#.....##
###.............# ###...###.....#
##.## #.>..## ## ##.### ###


You could see Urug, an orc priest and a friendly quasit (summoned).

Vanquished Creatures
  A two-headed ogre (D:9)
  Lodul (D:9)
  The ghost of Loveship the Gusty, a novice DrAE (D:6)
  3 trolls (D:9)
  A shadow (D:9)
  A wraith (D:9)
  A wyvern (D:9)
  6 yaks (D:9)
  2 steam dragons
  Edmund (D:5)
  An acid dragon (D:8)
  2 orc warriors
  A sky beast (D:7)
  An ice beast (D:4)
  9 ogres
  3 wolves (D:9)
  4 centaurs
  A kobold brigand (D:8)
  2 elf zombies (Ossuary)
  3 bullfrogs
  A necrophage (D:8)
  A gnoll sergeant (D:8)
  2 scorpions (D:7)
  12 wights
  8 killer bees
  2 howler monkeys (D:9)
  3 electric eels (D:9)
  8 hounds
  3 jellies
  8 orc priests
  2 human zombies (Ossuary)
  3 gnoll boudas
  16 orc wizards
  3 iguanas
  A bullfrog simulacrum (D:4)
  3 mummies
  19 gnolls
  4 adders
  4 hound simulacra (D:4)
  2 shadow imps (D:7)
  A white imp (D:5)
  3 worms
  2 dart slugs
  2 adder simulacra (D:4)
  26 orcs
  5 endoplasms
  3 goblins
  2 hobgoblins
  A jackal (D:3)
  2 quokkas
  2 ball pythons
  2 bats
  2 frilled lizards
  A goblin zombie (Ossuary)
  8 hobgoblin zombies (Ossuary)
  A jackal zombie (Ossuary)
  7 kobolds
  14 kobold zombies
  8 orc zombies
  7 rats
  A rat zombie (Ossuary)
250 creatures vanquished.

Vanquished Creatures (collateral kills)
  An ice beast (D:6)
  An ogre (D:9)
  A wight (D:10)
  A howler monkey (D:9)
  An orc priest (D:10)
  An orc (D:5)
  2 kobold zombies (Ossuary)
8 creatures vanquished.

Vanquished Creatures (others)
  The ghost of Hubris850 the Covered, a novice MiFi of Yredelemnul (D:4)
  An orc wizard (D:3)
  A plant (D:10)
3 creatures vanquished.

Grand Total: 261 creatures vanquished

Notes
Turn   | Place    | Note
-------+----------+-------------------------------------------
     0 | D:1      | Newt the Demonspawn Gladiator began the quest for the Orb.
     0 | D:1      | Reached XP level 1. HP: 16/16 MP: 1/1
    54 | D:1      | Reached skill level 1 in Stealth
   166 | D:1      | Gained mutation: You have sharp fingernails. [demonic
                  | ancestry]
   166 | D:1      | Reached XP level 2. HP: 19/22 MP: 2/2
   580 | D:1      | Found Ocvas's Jewellery Shoppe.
   928 | D:2      | Reached XP level 3. HP: 28/28 MP: 3/3
   928 | D:2      | Identified a scroll of acquirement
   928 | D:2      | Acquired the +3 pair of seven-league boots {Rampage+∞}
   928 | D:2      | Found the +3 pair of seven-league boots {Rampage+∞}
   963 | D:2      | Found a shimmering altar of Xom.
  1774 | D:3      | Identified the amulet of Mimuovea {RegenMP Rampage Fragile
                  | rPois rF+++ Dex+3}
  1986 | D:3      | Found a burning altar of Makhleb.
  1986 | D:3      | Found a basalt altar of Yredelemnul.
  2035 | D:3      | Became a worshipper of Makhleb the Destroyer
  2110 | D:3      | Reached XP level 4. HP: 23/37 MP: 4/4
  2365 | D:4      | Noticed an ogre
  2415 | D:3      | Killed an ogre
  2416 | D:3      | Gained mutation: You have very sharp fingernails. [demonic
                  | ancestry]
  2416 | D:3      | Reached XP level 5. HP: 42/42 MP: 5/5
  2443 | D:4      | Found Wanizxet's Weapon Shop.
  2680 | D:3      | Gained mutation: You are partially covered in slimy green
                  | scales. (AC +2) [demonic ancestry]
  2680 | D:3      | Reached XP level 6. HP: 12/48 MP: 6/6
  2847 | D:4      | Noticed an ice beast
  2847 | D:4      | Noticed Hubris850's ghost (novice MiFi)
  2868 | D:4      | Found a sand-covered staircase.
  2883 | Ossuary  | Entered an ossuary
  3324 | Ossuary  | Reached * piety under Makhleb
  3425 | Ossuary  | Reached skill level 5 in Short Blades
  3479 | Ossuary  | Reached skill level 1 in Armour
  3479 | Ossuary  | Gained mutation: A weak demonic guardian rushes to your
                  | aid. [demonic ancestry]
  3479 | Ossuary  | Reached XP level 7. HP: 49/54 MP: 7/7
  3967 | D:4      | Found a runed translucent gate.
  3968 | D:4      | Found a runed translucent gate.
  3969 | D:4      | Found a runed translucent gate.
  4428 | D:5      | Entered Level 5 of the Dungeon
  4827 | D:5      | Noticed Edmund
  4856 | D:5      | Killed Edmund
  4857 | D:5      | Reached skill level 5 in Armour
  4894 | D:5      | Found a staircase to the Ecumenical Temple.
  4920 | D:5      | Found Xiboust's Distillery.
  4928 | D:5      | Bought a potion of heal wounds for 60 gold pieces
  4972 | D:5      | Found Ruryant's Assorted Antiques.
  4999 | D:5      | Reached ** piety under Makhleb
  5000 | D:5      | Reached XP level 8. HP: 52/60 MP: 8/8
  5153 | D:5      | Reached skill level 1 in Evocations
  5181 | D:5      | Identified the +6 mace of Zin's Condemnation {freeze, Str+4
                  | Dex+2}
  5602 | D:6      | Found a runed translucent gate.
  5602 | D:6      | Found a runed translucent gate.
  5602 | D:6      | Found a runed translucent gate.
  5606 | D:6      | Noticed Loveship's ghost (novice DrAE)
  5925 | D:6      | Reached skill level 5 in Evocations
  6594 | D:6      | Reached skill level 1 in Maces & Flails
  6765 | D:4      | Reached skill level 10 in Maces & Flails
  6765 | D:4      | Gained mutation: You regenerate magic rapidly. [demonic
                  | ancestry]
  6765 | D:4      | Reached XP level 9. HP: 65/65 MP: 9/9
  6766 | D:4      | Reached skill level 11 in Invocations
  6766 | D:4      | Gained mutation: You are mostly covered in slimy green
                  | scales. (AC +3) [demonic ancestry]
  6766 | D:4      | Reached XP level 10. HP: 71/71 MP: 9/18
  6788 | D:4      | Killed Hubris850's ghost
  6789 | D:4      | Reached XP level 11. HP: 77/77 MP: 19/19
  6990 | D:6      | Killed Loveship's ghost
  7153 | D:7      | Reached *** piety under Makhleb
  7154 | D:7      | Reached skill level 12 in Invocations
  7948 | D:8      | Found a runed translucent door.
  7958 | D:8      | Reached skill level 13 in Invocations
  8006 | D:8      | Found a shimmering altar of Xom.
  8006 | D:8      | Noticed mdonais's ghost (novice OpDe)
  8008 | D:8      | Noticed a +0 dagger of chaos
  8857 | D:9      | Reached **** piety under Makhleb
  9059 | D:9      | Reached skill level 14 in Invocations
  9346 | D:9      | Found a staircase to the Lair.
  9867 | D:9      | Reached skill level 15 in Invocations
 10084 | D:10     | Entered Level 10 of the Dungeon
 10084 | D:10     | Noticed Lodul
 10084 | D:10     | Noticed Urug
 10094 | D:10     | Noticed a ten-headed hydra
 10095 | D:10     | Noticed a two-headed ogre
 10612 | D:9      | Killed a two-headed ogre
 10782 | D:10     | Noticed bmack86's ghost (journeyman MiFi)
 10944 | D:9      | Killed Lodul
 10945 | D:9      | Reached skill level 16 in Invocations
 11000 | D:10     | Reached XP level 12. HP: 77/77 MP: 24/24
 11064 | D:10     | Found a staircase to the Orcish Mines.
 11117 | D:10     | Slain by Urug

Illustrated notes

Levels and vault maps discovered:
D:1:      wheals_arrival_linesprint, layout_loops_ring, serial_shops, shop,
          minmay_tetromino_l2
D:2:      layout_loops_ring, basic_altar, minmay_misc_feat_chi,
          hangedman_decor_diamond_cutter
D:3:      minmay_spotlight, layout_basic, gammafunk_temple_overflow_pools
D:4:      layout_basic, nicolae_ossuary_entry_giza, serial_shops,
          nicolae_shop_advertising_works [nicolae_subvault_shop_adworks],
          gammafunk_ghost_icy, hangedman_abyss_or_decor_slice
D:5:      layout_cave_pools, minmay_temple_entry_crystal_x, serial_shops,
          nicolae_shop_hallway_stairs, nicolae_shop_crystal,
          dreamdust_mushroom_princess, uniq_edmund
D:6:      layout_gridville, ebering_ghost_rock_garden
D:7:      layout_loops_ring
D:8:      layout_loops_corners, ebering_ghost_xom, grunt_ministairs_7
D:9:      layout_irregular_city, erik_lair_island, corexii_corridor_pit,
          grunt_ministairs_3
D:10:     layout_cave_pools, orc_0_dummy, gammafunk_ghost_hydra_chop,
          serial_bayou_pond_d, uniq_lodul, uniq_urug, uniq_maggie

Skill      XL: |  1  2  3  4  5  6  7  8  9 10 11 |
---------------+----------------------------------+-----
Stealth        | 1 2 |  2.0
Fighting       | 3 4 |  4.0
Dodging        | 4 |  4.0
Short Blades   | 3 5 |  5.0
Armour         | 1 5 6 |  6.0
Evocations     | 6 |  6.0
Maces & Flails | 10 | 10.3
Invocations    | 11 16 | 16.2
Throwing       | |  1.7

Action                     |  1- 3 |  4- 6 |  7- 9 | 10-12 || total
---------------------------+-------+-------+-------+-------++-------
  Melee: Rapier            |   151 |   199 |    69 |       ||   419
         Punch             |     3 |     4 |     9 |    10 ||    26
         Dagger            |       |    74 |   168 |       ||   242
         Mace              |       |       |    94 |   426 ||   520
  Throw: Javelin           |     1 |       |     2 |       ||     3
         Throwing net      |       |     1 |     2 |       ||     3
    Use: Scroll            |     6 |     5 |     5 |     5 ||    21
         Potion            |       |     3 |     2 |     3 ||     8
   Stab: Sleeping          |     4 |       |     1 |     1 ||     6
         Held in net/web   |       |     1 |     2 |       ||     3
         Distracted        |       |       |       |     2 ||     2
 Armour: Leather armour    |    59 |   119 |   167 |   125 ||   470
         Skin              |       |    13 |       |       ||    13
         Troll leather arm |       |       |       |    67 ||    67
  Dodge: Dodged            |    78 |   192 |   218 |   341 ||   829

Table legend: (Time is in decaauts)
 A = Elapsed time spent in this place.
 B = Non-inter-level travel time spent in this place.
 C = Inter-level travel time spent in this place.
 D = Time resting spent in this place.
 E = Time spent auto-exploring this place.
 F = Levels seen in this place.
 G = Mean time per level.
                   A        B        C        D        E       F      G
               +--------+--------+--------+--------+--------+-----+--------+
         Total |  11049 |  10518 |    531 |   2336 |   6094 |  11 | 1004.5 |
       Dungeon |  10335 |   9804 |    531 |   1990 |   5981 |  10 | 1033.5 |
       Ossuary |    713 |    713 |      0 |    346 |    113 |   1 |  713.0 |
               +--------+--------+--------+--------+--------+-----+--------+

Top non-repeatable levels by time:
     D:9: 2142 daAuts
     D:6: 1308 daAuts
     D:4: 1286 daAuts
     D:3: 1242 daAuts
     D:8: 1131 daAuts
     D:5: 948 daAuts
     D:1: 797 daAuts
     D:2: 731 daAuts
 Ossuary: 713 daAuts
     D:7: 562 daAuts
    D:10: 185 daAuts
